 Dungeon Crawl Stone Soup version 0.26.1-2-gb8aa6d0cf2 (webtiles) character file.

Game seed: 5682409813481880733

79 Gadfly the Charlatan (level 4, -6/41 HPs)
             Began as a Troll Artificer on Feb 24, 2021.
             Splashed by Ijyb's acid (14 damage)
             ... on level 3 of the Dungeon.
             The game lasted 00:03:15 (2007 turns).

Gadfly the Charlatan (Troll Artificer)              Turns: 2007, Time: 00:03:16

Health: -6/41      AC:  3    Str: 21    XL:     4   Next: 17%
Magic:  3/3        EV: 10    Int:  7    God:
Gold:   108        SH:  5    Dex: 10    Spells: 3/3 levels left

rFire    . . .     SeeInvis .   a - +3 whip
rCold    . . .     Faith    .   (no shield)
rNeg     . . .     Spirit   .   b - +1 robe
rPois    .         Reflect  +   (helmet restricted)
rElec    .         Harm     .   (no cloak)
rCorr    .         Rampage  .   (gloves unavailable)
Will     .....                  (boots unavailable)
Stlth    +.........             h - amulet of reflection
HPRegen  0.53/turn              (no ring)
MPRegen  0.08/turn              (no ring)

@: corroded
A: large, unfitting armour, claws 3, regeneration 1, shaggy fur 1, tough skin 3
a: no special abilities


You were on level 3 of the Dungeon.
You visited 1 branch of the dungeon, and saw 3 of its levels.

You collected 108 gold pieces.

Inventory:

Hand Weapons
 a - a +3 whip (weapon)
Armour
 b - a +1 robe (worn)
Jewellery
 h - an amulet of reflection (around neck)
Wands
 c - a wand of flame (15) (quivered)
 d - a wand of enslavement (15)
 e - a wand of random effects (15)
Scrolls
 g - 3 scrolls of remove curse
 m - a scroll of enchant weapon
Potions
 i - a potion of attraction
 j - a potion of mutation {unknown}
 k - a potion of curing {unknown}
 l - a potion of lignification {unknown}


   Skills:
 + Level 1.5 Fighting
 * Level 2.0 Maces & Flails
 * Level 1.8 Armour
 - Level 1.9 Dodging
 - Level 0.3 Stealth
 - Level 2.1 Evocations


You had 3 spell levels left.
You didn't know any spells.
Your spell library was empty.

Dungeon Overview and Level Annotations

Branches:
Dungeon (3/15)

Altars:

Annotations:
D:3 Ijyb


Innate Abilities, Weirdness & Mutations

You are too large for most types of armour.
You have claws for hands.
Your natural rate of healing is unusually fast.
You are covered in fur. (AC +1)
You have extremely tough skin. (AC +3)


Message History

No target in view!
No target in view!
No target in view!
No target in view!
Ijyb the Twisted Goblin comes into view.
She is carrying a wand of acid (7).
Ijyb shouts!
Ijyb is nearby!
Ijyb is nearby!
No target in view!
No target in view!
No target in view!
No target in view!
Ijyb is nearby!
A bat comes into view.
Ijyb zaps a wand.
The bolt of acid hits you! The acid corrodes you!
You are splashed with acid!
The bat moves out of view.
Ijyb zaps a wand.
The bolt of acid hits you!
* * * LOW HITPOINT WARNING * * *
You are splashed with acid!
You die...

. .. ... ..# .... ##
.. ##..... ..# #.
####....... ...##.###
##..@g......
#......###..###......
##.....##..## .....
###.........## ....
.............## ...
###......##.....# ..
##....#...##.#....# #
........†....####.#
...........######.#


You could see Ijyb.

Vanquished Creatures
  An adder (D:2)
  2 worms
  A dart slug (D:1)
  A leopard gecko (D:2)
  2 orcs (D:3)
  A ball python (D:2)
  2 giant cockroaches (D:2)
  5 goblins
  9 hobgoblins
  7 jackals
  A quokka (D:2)
  9 bats
  3 frilled lizards
  7 kobolds
  6 rats
57 creatures vanquished.

Notes
Turn   | Place    | Note
-------+----------+-------------------------------------------
     0 | D:1      | Gadfly the Troll Artificer began the quest for the Orb.
     0 | D:1      | Reached XP level 1. HP: 18/18 MP: 0/0
   185 | D:1      | Reached skill level 1 in Fighting
   188 | D:1      | Reached XP level 2. HP: 27/27 MP: 1/1
   246 | D:1      | Reached skill level 1 in Maces & Flails
   264 | D:1      | Reached skill level 1 in Armour
   842 | D:2      | Reached XP level 3. HP: 31/33 MP: 2/2
  1759 | D:2      | Reached XP level 4. HP: 41/41 MP: 3/3
  2003 | D:3      | Noticed Ijyb
  2007 | D:3      | Splashed by Ijyb's acid

Illustrated notes

Levels and vault maps discovered:
D:1:      psy_arrival_conway, layout_loops_ring
D:2:      layout_basic
D:3:      layout_rooms, uniq_ijyb

Skill      XL: |  1  2  3  4 |
---------------+-------------+-----
Fighting       | 1 |  1.5
Maces & Flails | 1 2 |  2.0
Armour         | 1 |  1.8
Dodging        | |  1.9
Stealth        | |  0.3
Evocations     | |  2.1

Action                   |  1- 3 |  4- 6 || total
-------------------------+-------+-------++-------
Melee: Club              |   154 |       ||   154
       Whip              |    75 |    25 ||   100
  Use: Scroll            |     7 |     1 ||     8
 Stab: Sleeping          |     1 |       ||     1
Armor: Robe              |   142 |     3 ||   145
Dodge: Dodged            |   193 |    12 ||   205
Block: Other             |     4 |     4 ||     8
